 Dungeon Crawl Stone Soup version 0.28-a0-1395-g4f6bc678fa (webtiles) character file.

Game seed: 9412976895262467841

476 siradein the Cudgeller (level 6, -2/78 HPs)
             Began as a Palentonga Berserker on Jan 4, 2022.
             Was a Believer of Trog.
             Killed from afar by an orc wizard (3 damage)
             ... with a magic dart
             ... on level 4 of the Dungeon.
             The game lasted 00:12:39 (3299 turns).

siradein the Cudgeller (Palentonga Berserker)       Turns: 3299, Time: 00:12:41

Health: -2/78      AC:  8    Str: 22    XL:     6   Next: 84%
Magic:  6/6        EV:  6    Int: 13    God:    Trog [**....]
Gold:   196        SH:  3    Dex: 10    Spells: 5/5 levels left

rFire   . . .      SeeInvis +   l - +2 mace (vorpal)
rCold   . . .      Faith    .   m - +0 buckler
rNeg    . . .      Spirit   .   f - +0 chain mail
rPois   .          Reflect  .   (no helmet)
rElec   .          Harm     .   (no cloak)
rCorr   .          Rampage  .   (no gloves)
Will    .....                   (no barding)
Stlth   ..........              (no amulet)
HPRegen 0.23/turn               b - ring of flight
MPRegen 0.10/turn               n - +6 ring of intelligence

@: berserking, lethally poisoned (-2 -> -19), flying, very quick
A: large, rugged brown scales 3, see invisible, deformed body, roll 1, armoured
tail
a: Rolling Charge, Renounce Religion, Berserk, Trog's Hand


You were on level 4 of the Dungeon.
You worshipped Trog.
Trog was pleased with you.
You visited 1 branch of the dungeon, and saw 4 of its levels.

You collected 196 gold pieces.

Inventory:

Hand Weapons
 d - a +1 dagger of venom
 l - a +2 vorpal mace (weapon)
Missiles
 i - 3 boomerangs of dispersal
Armour
 f - a +0 chain mail (worn)
 m - a +0 buckler (worn)
Jewellery
 b - a ring of flight (left hand)
 n - a +6 ring of intelligence (right hand)
Scrolls
 c - 2 scrolls of identify {unknown}
 g - a scroll of fog {unknown}
 k - a scroll of enchant armour {unknown}
Potions
 a - 2 potions of invisibility {unknown}
 e - a potion of mutation {unknown}
 h - a potion of attraction {unknown}
 j - 2 potions of degeneration {unknown}


   Skills:
 + Level 4.6 Fighting
 + Level 4.6 Maces & Flails
 + Level 3.3 Armour
 + Level 3.3 Dodging


You had 5 spell levels left.
You didn't know any spells.
Your spell library was empty.

Dungeon Overview and Level Annotations

Branches:
Dungeon (4/15)
 Temple: D:4-7

Altars:
Gozag
Makhleb

Shops:
D:1 :

Annotations:
D:3 1 runed translucent door, Clumpoid's ghost, amateur HuFi


Innate Abilities, Weirdness & Mutations

You are completely covered in rugged brown scales. (AC +3, +7% HP)
You have supernaturally acute eyesight. (SInv)
Armour fits poorly on your strangely shaped body.
You can roll at nearby foes to attack.
You have a long armoured tail.


Message History

You hit the orc wizard.
The orc wizard is almost dead.
You feel very sick.
The orc priest hits you but does no damage.
The orc wizard gestures at you while chanting.
The puff of flame hits you!
The orc priest hits you but does no damage.
A red film seems to cover your vision as you go berserk!
You feel yourself moving faster!
You feel mighty!
You feel sick. The orc wizard casts a spell at you.
The magic dart hits you but does no damage.
You block the orc priest's attack.
You sock the orc priest!
Your tail-slap misses the orc priest.
The orc priest is almost dead.
You feel sick.
The orc wizard hits you but does no damage.
You are more poisoned.
The orc priest invokes the aid of Beogh against you.
Beogh smites you!
* * * LOW HITPOINT WARNING * * *
You sock the orc priest!
You kill the orc priest!
Trog accepts your kill.
You feel very sick.
The orc wizard hits you with a +2 dagger of venom.
* * * LOW HITPOINT WARNING * * *
You are more poisoned.
You closely miss the orc wizard.
The orc wizard is almost dead.
* * * LOW HITPOINT WARNING * * *
You feel very sick.
The orc wizard hits you with a +2 dagger of venom.
* * * LOW HITPOINT WARNING * * *
You barely miss the orc wizard.
The orc wizard is almost dead.
* * * LOW HITPOINT WARNING * * *
You feel very sick.
The orc wizard gestures at you while chanting.
The magic dart hits you.
You die...

# #####.######..#
. ..##.# ... #.
#.##.# # #.##.##.#
####.......#
#.......####
#.##....####
.........).#
..##.....o@# ###..
. #.#..##)##......
......##......oo.
.......##.##......
........##.# ##...
..##.......# .
####.####


You could see an orc wizard (invisible).

Vanquished Creatures
  An ice beast (D:4)
  A black bear (D:4)
  3 orc priests
  A centaur skeleton (D:2)
  An orc wizard (D:2)
  5 adders
  2 dart slugs
  12 orcs
  4 bats
  2 endoplasms
  3 giant cockroaches
  9 goblins
  6 hobgoblins
  2 jackals (D:4)
  5 quokkas
  4 ball pythons
  3 frilled lizards
  6 kobolds
  26 rats
96 creatures vanquished.

Notes
Turn   | Place    | Note
-------+----------+-------------------------------------------
     0 | D:1      | siradein the Palentonga Berserker began the quest for the
                  | Orb.
     0 | D:1      | Reached XP level 1. HP: 19/19 MP: 1/1
   268 | D:1      | Reached XP level 2. HP: 25/25 MP: 2/2
   287 | D:1      | Found Curghor's Book Shop.
   910 | D:2      | Found an opulent altar of Gozag.
  1044 | D:2      | Found a burning altar of Makhleb.
  1100 | D:2      | Reached XP level 3. HP: 25/31 MP: 3/3
  1179 | D:2      | Reached XP level 4. HP: 37/37 MP: 4/4
  1340 | D:2      | Reached XP level 5. HP: 38/44 MP: 5/5
  1408 | D:2      | Found a faded altar of an unknown god.
  1988 | D:3      | Reached ** piety under Trog
  2205 | D:3      | Noticed Clumpoid's ghost (amateur HuFi)
  2208 | D:3      | Found a runed translucent door.
  3216 | D:4      | Noticed an ice beast
  3225 | D:4      | Killed an ice beast
  3226 | D:4      | Reached XP level 6. HP: 52/52 MP: 6/6
  3299 | D:4      | HP: 1/78 [poisoned by an orc wizard]
  3299 | D:4      | Killed from afar by an orc wizard

Illustrated notes

Levels and vault maps discovered:
D:1:      ncdulo_wetmaze, layout_loops_corners, serial_shops, shop
D:2:      layout_rooms, basic_altar, hellmonk_ecumenical_altar_heavens_door,
          kennysheep_flooded_box
D:3:      layout_basic, hellmonk_ghost_happy_afterlife, minmay_rat_hole
D:4:      layout_loops_cross, gammafunk_ghost_gnarly_gnolls,
          supply_closet_lemuel

Skill      XL: |  1  2  3  4  5 |
---------------+----------------+-----
Armour         | 2 3 |  3.3
Dodging        | 2 3 |  3.3
Fighting       | 4 |  4.6
Maces & Flails | 4 |  4.6

Action                   |  1- 3 |  4- 6 || total
-------------------------+-------+-------++-------
Melee: Mace              |    37 |   102 ||   139
       Tailslap          |     7 |    15 ||    22
       Dagger            |    38 |    60 ||    98
Invok: Berserk           |     1 |     2 ||     3
 Abil: Rolling Charge    |     1 |       ||     1
Armor: Ring mail         |    21 |       ||    21
       Animal skin       |     2 |       ||     2
       Chain mail        |    22 |    85 ||   107
Dodge: Dodged            |    33 |    46 ||    79
Block: Buckler           |       |     8 ||     8

Table legend: (Time is in decaauts)
 A = Elapsed time spent in this place.
 B = Non-inter-level travel time spent in this place.
 C = Inter-level travel time spent in this place.
 D = Time resting spent in this place.
 E = Time spent auto-exploring this place.
 F = Levels seen in this place.
 G = Mean time per level.
                   A        B        C        D        E       F      G
               +--------+--------+--------+--------+--------+-----+--------+
         Total |   3357 |   3293 |     64 |      0 |   2711 |   4 |  839.2 |
       Dungeon |   3357 |   3293 |     64 |      0 |   2711 |   4 |  839.2 |
               +--------+--------+--------+--------+--------+-----+--------+

Top non-repeatable levels by time:
     D:3: 1361 daAuts
     D:2: 964 daAuts
     D:1: 924 daAuts
     D:4: 106 daAuts
